 Dungeon Crawl Stone Soup version 0.31-a0-236-g9a0961fb85 (webtiles) character file.

Game seed: 3377880094733882494

56 qw the Shooter (level 3, 0/21 HPs)
             Began as a Gargoyle Hexslinger on July 10, 2023.
             Slain by Robin
             ... wielding a +0 mace
              (7 damage)
             ... on level 2 of the Dungeon.
             The game lasted 00:00:30 (1233 turns).

qw the Shooter (Gargoyle Hexslinger)                Turns: 1233, Time: 00:00:30

Health: 0/21       AC:  8    Str: 11    XL:     3   Next: 97%
Magic:  4/4        EV: 10    Int: 13    God:
Gold:   114        SH:  0    Dex: 14    Spells: 3/4 levels left

rFire   . . .        Y - +1 sling
rCold   . . .        (no shield)
rNeg    + . .        k - +0 ring mail
rPois   inf          (no helmet)
rElec   +            (no cloak)
rCorr   .            (no gloves)
SInv    .            (no boots)
Will    .....        (no amulet)
Stlth   +            (no ring)
HPRegen 0.23/turn    (no ring)
MPRegen 0.09/turn

%: no passive effects
@: no status effects
A: sickness immunity, AC +3, negative energy resistance 1, electricity
resistance, torment resistance 1, petrification resistance
a: no special abilities


You were on level 2 of the Dungeon.
You visited 1 branch of the dungeon, and saw 3 of its levels.

You collected 114 gold pieces.


Innate Abilities, Weirdness & Mutations

You are immune to sickness and miasma.
Your stone body is resilient. (AC +3)
You are immune to poison.
You resist negative energy. (rN+)
You are resistant to electric shocks. (rElec)
You are resistant to unholy torment.
You are immune to petrification.


   Skills:
 - Level 2.0 Fighting
 + Level 3.8 Ranged Weapons
 - Level 1.5 Dodging
 - Level 1.0 Spellcasting
 - Level 2.6 Hexes


You had 3 spell levels left.
You knew the following spells:

 Your Spells              Type           Power      Damage    Failure   Level
a - Slow                  Hex            28%        N/A       22%         1

Your spell library contained the following spells:

 Spells                   Type           Power      Damage    Failure   Level
 Inner Flame              Hex/Fire       4%         N/A       75%         3
 Portal Projectile        Hex/Tloc       8%         N/A       75%         3
 Cause Fear               Hex            3%         N/A       92%         4

Inventory:

Hand Weapons
 Y - a +1 sling (weapon)
Armour
 k - a +0 ring mail (worn)
Scrolls
 g - a scroll of identify
Potions
 a - a potion of cancellation {unknown}
 f - 3 potions of heal wounds
 h - a potion of brilliance {unknown}
 i - a potion of curing {unknown}
 j - a potion of might
 l - a potion of lignification {unknown}

Dungeon Overview and Level Annotations

Branches:
Dungeon (3/15)

Altars:
Dithmenos

Annotations:
D:2 Robin


Message History

Enter note:
Enter note:
Enter note: You shoot a sling bullet.
The sling bullet barely misses the hobgoblin.
The sling bullet closely misses the goblin.
Robin hits you with a +0 mace.
The goblin hits you but does no damage. x2
The hobgoblin misses you.
You shoot a sling bullet. The sling bullet hits the hobgoblin!
You kill the hobgoblin!
Robin hits you but does no damage. The goblin closely misses you.
The goblin completely misses you.
You shoot a sling bullet. The sling bullet barely misses Robin.
The goblin hits you with a +0 dagger.
The goblin hits you but does no damage. x2
Robin closely misses you. The goblin barely misses you.
The goblin closely misses you. The goblin hits you but does no damage.
You shoot a sling bullet. The sling bullet hits Robin.
Robin is moderately wounded.
Robin hits you but does no damage. The goblin closely misses you.
The goblin barely misses you. The goblin hits you but does no damage.
You shoot a sling bullet.
The sling bullet hits Robin but does no damage.
Robin is moderately wounded.
The goblin hits you but does no damage. The goblin hits you with a +0 club.
The goblin hits you but does no damage.
You shoot a sling bullet.
The sling bullet hits Robin but does no damage.
Robin is moderately wounded.
Robin hits you with a +0 mace. The goblin barely misses you.
The goblin hits you but does no damage. x2
You shoot a sling bullet. The sling bullet hits Robin.
Robin is heavily wounded.
The goblin hits you but does no damage. x2; The goblin closely misses you.
Robin hits you but does no damage. The goblin hits you but does no damage.
The goblin hits you with a +0 dagger. The goblin hits you with a +0 club.
You shoot a sling bullet.
The sling bullet hits Robin but does no damage.
Robin is heavily wounded.
Robin hits you with a +0 mace!
You die...

.#
#.....#...###.....#.....#
.#
#.................###...#
.####....#######.###..#
#...# ...#.....#### #.#
#..# ##### ...#........##
#.# #..#
...#....###..###.###..#
...#....# ##...#.##...#
...#....# ###.#gg..#.#
...###### #.g@g###.# ...#
###### #.# ...# #.# ...#
##########.# ####
#..........# #.##########
#.#......# #.)......# ##
###.######


You could see Robin and 3 goblins.

Vanquished Creatures
  An adder (D:2)
  A giant cockroach (D:2)
  5 goblins
  6 hobgoblins
  5 jackals (D:1)
  3 quokkas
  4 ball pythons
  3 bats
  4 frilled lizards
  5 kobolds
  7 rats
44 creatures vanquished.

Notes
Turn   | Place    | Note
-------+----------+-------------------------------------------
     0 | D:1      | qw the Gargoyle Hexslinger began the quest for the Orb.
     0 | D:1      | Reached XP level 1. HP: 12/12 MP: 2/2
     0 | D:1      | 0 ||| qw: Version: 0.3-a-52-g30416fa
     0 | D:1      | 0 ||| qw: Game counter: 4792
     0 | D:1      | 0 ||| qw: Melee chars always use a shield: true
     0 | D:1      | 0 ||| qw: God list: Okawaru
     0 | D:1      | 0 ||| qw: Allow faded altars: false
     0 | D:1      | 0 ||| qw: Do Orc after clearing Dungeon:15 true
     0 | D:1      | 0 ||| qw: Do second Lair branch before Depths: true
     0 | D:1      | 0 ||| qw: Lair rune preference: random
     0 | D:1      | 0 ||| qw: Goals: Normal
     0 | D:1      | 0 ||| PLANNING D:1-11
    59 | D:1      | Reached XP level 2. HP: 14/16 MP: 3/3
   113 | D:1      | Reached skill level 3 in Ranged Weapons
   266 | D:1      | Reached XP level 3. HP: 21/21 MP: 4/4
   477 | D:1      | 477 ||| UPGRADING to +0 ring mail.
   487 | D:1      | 487 ||| DROPPING +0 robe.
   488 | D:1      | 488 ||| READING scroll labelled DAEWNO BEJI.
   489 | D:1      | 489 ||| READING scroll labelled FEQUNOM CESCHI.
   490 | D:1      | 490 ||| READING 2 scrolls labelled UQEDWIGERA.
   491 | D:1      | 491 ||| DRINKING 2 fuming yellow potions.
   492 | D:1      | 492 ||| DROPPING scroll of poison.
   845 | D:2      | Found a shadowy altar of Dithmenos.
  1116 | D:2      | 1116 ||| READING 2 scrolls labelled ASIZ RIG HIU.
  1117 | D:2      | 1117 ||| DRINKING 4 golden potions.
  1118 | D:2      | 1118 ||| DROPPING scroll of revelation.
  1220 | D:3      | Noticed Robin
  1224 | D:3      | 1224 ||| STAIRDANCE
  1233 | D:2      | Slain by Robin

Levels and vault maps discovered:
D:1:      spicycebolla_green_bress_n_ham, layout_rooms, minmay_hexomino_p4
D:2:      layout_basic, basic_altar
D:3:      layout_loops_ring, uniq_robin

Skill      XL: |  1  2 |
---------------+-------+-----
Ranged Weapons | 3 |  3.8
Fighting       | 2 |  2.0
Dodging        | |  1.5
Spellcasting   | |  1.0
Hexes          | |  2.6

Action                     || total
---------------------------++-------
   Fire: Sling             ||   117
    Use: Scroll            ||     4
         Potion            ||     2
 Armour: Robe              ||    15
         Ring mail         ||    36
  Dodge: Dodged            ||    75

Table legend:
 A = Non-vault XP
 B = Vault XP
 C = Vault XP percentage of total XP
 D = Non-vault monster count
 E = Vault monster count
 F = Vault count percentage of total count
                 A         B        C        D         E       F
            +---------+---------+-------+---------+---------+-------
      Total |      72 |       9 |  11.1 |      39 |       5 |  11.4
            +---------+---------+-------+---------+---------+-------
        D:1 |      34 |       7 |  17.1 |      21 |       4 |  16.0
        D:2 |      38 |       2 |   5.0 |      18 |       1 |   5.3
            +---------+---------+-------+---------+---------+-------
